 Dungeon Crawl Stone Soup version 0.21.1-1-g345015f (webtiles) character file.

60 tidbits the Charmwright (level 4, -4/38 HPs)
             Began as a Gnoll Skald on June 20, 2018.
             Slain by a gnoll
             ... wielding a +0 whip
              (9 damage)
             ... on level 4 of the Dungeon.
             The game lasted 00:04:27 (474 turns).

tidbits the Charmwright (Gnoll Skald)                Turns: 474, Time: 00:04:27

Health: -4/38      AC:  3    Str: 11 (14) XL:     4   Next: 6%
Magic:  2/11       EV: 13    Int: 15 (16) God:
Gold:   100        SH:  0    Dex: 10 (12) Spells: 2/13 levels left

rFire    . . .     SeeInvis .   a - +0 hand axe
rCold    . . .     Gourm    .   (no shield)
rNeg     . . .     Faith    .   b - +0 leather armour
rPois    .         Spirit   .   (no helmet)
rElec    .         Reflect  .   (no cloak)
rCorr    .         Harm     .   (no gloves)
MR       .....                  (no boots)
Stlth    +.........             (no amulet)
HPRegen  1.12/turn              (no ring)
MPRegen  0.12/turn              (no ring)

@: singing (expiring), regenerating (expiring)
A: distributed training, fangs 1, blurry vision 1, clumsy 1, evolution 1, strong
nose
a: no special abilities


You were on level 4 of the Dungeon.
You were not hungry.

You visited 1 branch of the dungeon, and saw 4 of its levels.

You collected 100 gold pieces.

Inventory:

Hand Weapons
 a - a +0 hand axe (weapon)
 i - a +0 dagger
Missiles
 h - 7 javelins (quivered)
Armour
 b - a +0 leather armour (worn)
 k - a +0 ring mail
Scrolls
 f - a scroll of magic mapping
 g - a scroll of random uselessness {unknown}
 j - a scroll of teleportation
Books
 d - a book of Battle

   Spells                             Type                      Level
   a - Infusion                       Charms                       1
   b - Shroud of Golubria             Charms/Translocation         2
   c - Song of Slaying                Charms                       2
   d - Spectral Weapon                Hexes/Charms                 3
   e - Regeneration                   Charms/Necromancy            3
Comestibles
 c - 5 rations


   Skills:
 + Level 4.6 Fighting
 + Level 1.0 Short Blades
 + Level 1.0 Long Blades
 + Level 4.6 Axes
 + Level 1.0 Maces & Flails
 + Level 1.0 Polearms
 + Level 1.0 Staves
 + Level 1.0 Slings
 + Level 1.0 Bows
 + Level 1.0 Crossbows
 + Level 1.0 Throwing
 + Level 2.7 Armour
 + Level 4.6 Dodging
 + Level 1.0 Stealth
 + Level 1.0 Shields
 + Level 1.0 Unarmed Combat
 + Level 5.0 Spellcasting
 + Level 0.7 Conjurations
 + Level 0.7 Hexes
 + Level 5.4 Charms
 + Level 0.7 Summonings
 + Level 0.7 Necromancy
 + Level 0.7 Translocations
 + Level 0.7 Transmutations
 + Level 0.7 Fire Magic
 + Level 0.7 Ice Magic
 + Level 0.7 Air Magic
 + Level 0.7 Earth Magic
 + Level 0.7 Poison Magic
 + Level 1.1 Invocations
 + Level 1.0 Evocations


You had 2 spell levels left.
You knew the following spells:

 Your Spells              Type           Power        Failure   Level  Hunger
g - Shroud of Golubria    Chrm/Tloc      ##........   9%          2    ##.....
i - Infusion              Chrm           ###.         2%          1    None
r - Regeneration          Chrm/Necr      ##........   17%         3    ###....
w - Spectral Weapon       Hex/Chrm       ##......     17%         3    ###....
y - Song of Slaying       Chrm           ###.....     3%          2    ##.....


Dungeon Overview and Level Annotations

Branches:
Dungeon (4/15)
 Temple: D:4-7

Altars:

Annotations:
D:4 Blork the orc


Innate Abilities, Weirdness & Mutations

Your experience applies equally to all skills.
You have very sharp teeth.
Your uncanny sense of smell can sniff out nearby items.
Scrolls take you a little longer to read.
You are clumsy. (Dex -2)
You evolve.


Message History

Your skin is crawling a little less now.
Found 21 stones.
You see here 18 gold pieces.
You now have 100 gold pieces (gained 18).
Your skin stops crawling.
There is a stone staircase leading down here.
You climb downwards. 3 gnolls and Blork the orc come into view.
Blork the orc is wielding a battleaxe of venom.
Blork the orc shouts!
The gnoll shouts! x3
The gnoll hits you with a spear. The gnoll closely misses you.
There is a stone staircase leading up here.
Unknown command.
Okay, then.
Casting: Regeneration
Confirm with . or Enter, or press ? or * to list all spells.
You start singing a song of slaying.
The gnoll barely misses you.
Blork the orc begins to cast a cantrip, but forgets the words!
A gnoll comes into view. It is wielding a whip.
Casting: Song of Slaying
Confirm with . or Enter, or press ? or * to list all spells.
Your skin crawls.
The gnoll shouts!
The gnoll misses you.
Unknown command.
You hit the gnoll but do no damage. You barely miss the gnoll.
The gnoll closely misses you. The gnoll barely misses you.
You hit the gnoll.
The gnoll is moderately wounded.
You hit the gnoll. The gnoll hits you with a spear.
The gnoll hits you with a flail.
You hit the gnoll but do no damage.
The gnoll is moderately wounded.
You hit the gnoll but do no damage.
Your skin is crawling a little less now.
The gnoll hits you with a spear!
* * * LOW HITPOINT WARNING * * *
The gnoll barely misses you.
It was a potion of degeneration.
There was something very wrong with that liquid.
You feel weakened.
You feel dopey.
You feel clumsy. The gnoll barely misses you. x2
It was a potion of curing.
You feel better. The gnoll closely misses you.
The gnoll hits you but does no damage.
You hit the gnoll.
The gnoll is moderately wounded.
You hit the gnoll but do no damage. The gnoll barely misses you.
You hit the gnoll. Your bite misses the gnoll.
The gnoll is severely wounded.
You barely miss the gnoll. The gnoll hits you with a spear!
* * * LOW HITPOINT WARNING * * *
The gnoll hits you with a flail.
* * * LOW HITPOINT WARNING * * *
The gnoll closely misses you.
You hit the gnoll.
The gnoll is severely wounded.
You closely miss the gnoll. The gnoll misses you. The gnoll barely misses you.
You hit the gnoll.
You kill the gnoll!
You hit the gnoll.
Your skin stops crawling.
The gnoll closely misses you.
Casting: Regeneration
Confirm with . or Enter, or press ? or * to list all spells.
Your skin crawls.
The gnoll closely misses you.
You barely miss the gnoll. You bite the gnoll, but do no damage.
The gnoll is heavily wounded.
The gnoll barely misses you.
You hit the gnoll.
The gnoll is heavily wounded.
The gnoll closely misses you.
You slash the gnoll!
You kill the gnoll!
Your Short Blades skill increases to level 1!
Your Long Blades skill increases to level 1!
Your Maces & Flails skill increases to level 1!
Your Polearms skill increases to level 1!
Your Staves skill increases to level 1!
Your Slings skill increases to level 1!
Your Bows skill increases to level 1!
Your Crossbows skill increases to level 1!
Your Throwing skill increases to level 1!
Your Stealth skill increases to level 1!
Your Shields skill increases to level 1!
Your Unarmed Combat skill increases to level 1!
Your Evocations skill increases to level 1!
You have reached level 4!
You feel stronger.
You closely miss the gnoll. Your bite misses the gnoll.
The gnoll hits you with a whip.
* * * LOW HITPOINT WARNING * * *
Unknown command.
You closely miss the gnoll.
Your skin is crawling a little less now.
Your song is almost over.
The gnoll hits you with a whip.
* * * LOW HITPOINT WARNING * * *
You hit the gnoll.
The gnoll is moderately wounded.
The gnoll hits you with a whip!
You die...

#.#
#.#
#.#
#.#
##.##
.g.
#g#
#@#
#)#
#.#
..#
..#
#..#
#..#
...#


You could see 2 gnolls.

Vanquished Creatures
  An adder (D:2)
  2 gnolls (D:4)
  A worm (D:2)
  A dart slug (D:2)
  3 giant cockroaches
  6 goblins
  A hobgoblin (D:2)
  4 jackals (D:3)
  A quokka (D:3)
  3 bats
  3 rats
26 creatures vanquished.

Notes
Turn   | Place    | Note
-------+----------+-------------------------------------------
     0 | D:1      | tidbits the Gnoll Skald began the quest for the Orb.
     0 | D:1      | Reached XP level 1. HP: 20/20 MP: 6/6
    94 | D:2      | Reached XP level 2. HP: 12/26 MP: 3/7
    96 | D:2      | Gained mutation: You are clumsy. (Dex -2) [potion of mutation]
    96 | D:2      | Gained mutation: Scrolls take you a little longer to read. [potion of mutation]
    96 | D:2      | Gained mutation: You evolve. [potion of mutation]
   164 | D:2      | Learned a level 2 spell: Song of Slaying
   167 | D:2      | Learned a level 2 spell: Shroud of Golubria
   199 | D:3      | Reached XP level 3. HP: 9/31 MP: 5/9
   206 | D:3      | Learned a level 3 spell: Regeneration
   211 | D:3      | Learned a level 3 spell: Spectral Weapon
   240 | D:3      | Reached skill level 5 in Spellcasting
   438 | D:3      | Reached skill level 1 in Invocations
   456 | D:4      | Noticed Blork the orc
   465 | D:4      | HP: 1/31 [gnoll/flail (6)]
   471 | D:4      | Reached skill level 1 in Short Blades
   471 | D:4      | Reached skill level 1 in Long Blades
   471 | D:4      | Reached skill level 1 in Maces & Flails
   471 | D:4      | Reached skill level 1 in Polearms
   471 | D:4      | Reached skill level 1 in Staves
   471 | D:4      | Reached skill level 1 in Slings
   471 | D:4      | Reached skill level 1 in Bows
   471 | D:4      | Reached skill level 1 in Crossbows
   471 | D:4      | Reached skill level 1 in Throwing
   471 | D:4      | Reached skill level 1 in Stealth
   471 | D:4      | Reached skill level 1 in Shields
   471 | D:4      | Reached skill level 1 in Unarmed Combat
   471 | D:4      | Reached skill level 1 in Evocations
   471 | D:4      | Reached XP level 4. HP: 8/38 MP: 1/11
   474 | D:4      | Slain by a gnoll

Skill      XL: |  1  2  3 |
---------------+----------+-----
Spellcasting   | 5 |  5.0
Invocations    | 1 |  1.1
Short Blades   | 1 |  1.0
Long Blades    | 1 |  1.0
Maces & Flails | 1 |  1.0
Polearms       | 1 |  1.0
Staves         | 1 |  1.0
Slings         | 1 |  1.0
Bows           | 1 |  1.0
Crossbows      | 1 |  1.0
Throwing       | 1 |  1.0
Stealth        | 1 |  1.0
Shields        | 1 |  1.0
Unarmed Combat | 1 |  1.0
Evocations     | 1 |  1.0
Fighting       | |  4.6
Axes           | |  4.6
Armour         | |  2.7
Dodging        | |  4.6
Conjurations   | |  0.7
Hexes          | |  0.7
Charms         | |  5.4
Summonings     | |  0.7
Necromancy     | |  0.7
Translocations | |  0.7
Transmutations | |  0.7
Fire Magic     | |  0.7
Ice Magic      | |  0.7
Air Magic      | |  0.7
Earth Magic    | |  0.7
Poison Magic   | |  0.7

Action                   |  1- 3 |  4- 6 || total
-------------------------+-------+-------++-------
Melee: Hand axe          |    62 |     3 ||    65
       Unarmed           |     4 |       ||     4
       Bite              |     4 |       ||     4
Throw: Javelin           |     5 |       ||     5
 Cast: Infusion          |     4 |       ||     4
       Regeneration      |     4 |       ||     4
       Spectral Weapon   |     4 |       ||     4
       Song of Slaying   |     2 |       ||     2
  Use: Potion            |     4 |       ||     4
       Scroll            |     2 |       ||     2
Armor: Leather armour    |    14 |       ||    14
       Skin              |     1 |       ||     1
Dodge: Dodged            |    48 |       ||    48

Table legend:
 A = Turns spent in this place as a percentage of turns spent in the entire game.
 B = Non-inter-level travel turns spent in this place as a percentage of non-inter-level travel turns spent in the entire game.
 C = Inter-level travel turns spent in this place as a percentage of turns spent in this place.
 D = Turns resting spent in this place as a percentage of non-inter-level travel turns spent in this place.
 E = Turns spent auto-exploring this place as a percentage of non-inter-level travel turns spent in this place.
 F = Non-inter-level travel turns spent in this place divided by the number of levels of this place that you've seen.
                   A       B       C       D       E      F
               +-------+-------+-------+-------+-------+----------------------
         Total | 100.0 | 100.0 |   3.2 |   0.0 |   0.0 | 114.8
       Dungeon | 100.0 | 100.0 |   3.2 |   0.0 |   0.0 | 114.8
               +-------+-------+-------+-------+-------+----------------------

Table legend:
 A = Kills in this place as a percentage of kills in entire the game.
 B = Kills by you in this place as a percentage of kills by you in the entire game.
 C = Kills by friends in this place as a percentage of kills by friends in the entire game.
 D = Other kills in this place as a percentage of other kills in the entire game.
 E = Experience gained in this place as a percentage of experience gained in the entire game.
 F = Experience gained in this place divided by the number of levels of this place that you have seen.
                   A       B       C       D       E      F
               +-------+-------+-------+-------+-------+----------------------
         Total | 100.0 | 100.0 |   N/A |   N/A | 100.0 |  21.8
       Dungeon | 100.0 | 100.0 |   N/A |   N/A | 100.0 |  21.8
               +-------+-------+-------+-------+-------+----------------------

Vault maps used:
D:1:      tarquinn_simple_flora_water_a
D:2:      nicolae_dithmenos_shadow_blocks, minmay_misc_feat_plants,
          corexii_item_surrounded_by_moat, uniq_natasha, uniq_terence
D:3:      first_ration, st_stairs_1, uniq_ijyb, uniq_grinder, uniq_robin
D:4:      minmay_temple_entry_butterflies, st_stairs_11, uniq_sigmund,
          uniq_edmund, uniq_blork_the_orc
